 Dungeon Crawl Stone Soup version 0.30-a0-55-g90e3122c3a (webtiles) character file.

Game seed: 12798687740119038234

187885 Conn the Eclecticist (level 18, -14/168 HPs)
             Began as an Octopode Fire Elementalist on Sept 10, 2022.
             Was a High Priest of Sif Muna.
             Demolished by a snapping turtle (16 damage)
             ... on level 2 of the Shoals.
             The game lasted 02:49:29 (47809 turns).

Conn the Eclecticist (Octopode Fire Elementalist)  Turns: 47809, Time: 02:49:30

Health: -14/168    AC: 37    Str:  4    XL:     18   Next: 8%
Magic:  33/38      EV:  2    Int: 34    God:    Sif Muna [*****.]
Gold:   3847       SH:  0    Dex: 21    Spells: 2/49 levels left

rFire   + + .      SeeInvis .    a - staff of fire
rCold   + + .      Faith    .    (no shield)
rNeg    + + .      Spirit   .    (helmet currently unavailable)
rPois   +          Reflect  +    J - amulet of reflection
rElec   .          Harm     .    H - +4 ring of protection
rCorr   .          Rampage  .    o - ring of protection from fire
Will    ++...      NoTele   +    r - ring "Moiprakh" {Fly rC+ Int+2 Slay+2}
Stlth   ++........               s - ring "Viacloss" {rC+ rN++ Str-3 Int+3 Slay+2}
HPRegen 0.38/turn                O - ring of poison resistance
MPRegen 0.26/turn                P - +6 ring of intelligence
                                 Q - +6 ring of dexterity
                                 R - +4 ring of protection

@: confused, tree-form, ambrosia-drunk, very slow
A: stationary, stasis, torment immunity, boosted hp, almost no armour,
(amphibious), 8 rings, (camouflage 1), (gelatinous body 1), (nimble swimmer 1),
(tentacles), strong-willed 1, robust 1
}: 1/15 runes: serpentine
a: Renounce Religion, Channel Magic, Forget Spell, Divine Exegesis


You were on level 2 of the Shoals.
You worshipped Sif Muna.
Sif Muna was extremely pleased with you.
You were a tree.
You visited 6 branches of the dungeon, and saw 28 of its levels.
You also visited: Sewer and Ice Cave.

You collected 4734 gold pieces.
You spent 887 gold pieces at shops.

Inventory:

Hand Weapons
 b - a +9 dagger
 N - a +1 longbow
Armour
 j - a +3 buckler of cold resistance
 n - a +2 kite shield of reflection
 t - a +2 hat (melded)
Magical Staves
 a - a staff of fire (weapon)
 F - a staff of earth
Jewellery
 f - an amulet of guardian spirit
 h - a ring of ice
 o - a ring of protection from fire (right branch)
 r - the ring "Moiprakh" (on tentacle) {Fly rC+ Int+2 Slay+2}
   (You took it off a merfolk impaler on level 1 of the Shoals)

   [ring of flight]

   Int:       It affects your intelligence (+2).
   Slay:      It affects your accuracy & damage with ranged weapons and melee
   (+2).
   rC:        It protects you from cold.
   Fly:       It grants you flight.
 s - the ring "Viacloss" (on tentacle) {rC+ rN++ Str-3 Int+3 Slay+2}
   (You bought it in a shop on level 13 of the Dungeon)

   [ring of protection from cold]

   Str:       It affects your strength (-3).
   Int:       It affects your intelligence (+3).
   Slay:      It affects your accuracy & damage with ranged weapons and melee
   (+2).
   rC:        It protects you from cold.
   rN:        It greatly protects you from negative energy.
 B - an amulet of magic regeneration
 D - the amulet "Eherue" {Faith rPois}
   (You found it on level 6 of the Dungeon)

   [amulet of faith]

   It allows you to gain divine favour quickly.
   rPois:     It protects you from poison.
 H - a +4 ring of protection (left branch)
 J - an amulet of reflection (around neck)
 M - a ring of flight
 O - a ring of poison resistance (on tentacle)
 P - a +6 ring of intelligence (on tentacle)
 Q - a +6 ring of dexterity (on tentacle)
 R - a +4 ring of protection (on tentacle)
 X - a ring of positive energy
Wands
 g - a wand of roots (14)
 i - a wand of mindburst (15)
 k - a wand of quicksilver (14)
 G - a wand of paralysis (12)
 K - a wand of polymorph (18)
 T - a wand of flame (17)
 W - a wand of digging (3)
Scrolls
 c - 8 scrolls of teleportation
 l - 7 scrolls of poison
 m - 5 scrolls of amnesia
 p - a scroll of torment
 q - 7 scrolls of identify
 y - 2 scrolls of butterflies
 A - 5 scrolls of enchant armour
 I - 5 scrolls of immolation
 U - a scroll of magic mapping
Potions
 d - 13 potions of curing
 e - 5 potions of might
 v - 9 potions of mutation
 w - 3 potions of haste
 z - 4 potions of lignification
 C - 3 potions of magic
 E - 10 potions of ambrosia
 V - a potion of brilliance
Miscellaneous
 S - a phantom mirror


   Skills:
 + Level 2.9 Fighting
 + Level 2.3(2.7) Polearms
 + Level 2.1(2.6) Staves
 + Level 0.5 Throwing
 + Level 5.3 Dodging
 + Level 8.1 Stealth
 + Level 7.9 Shields
 + Level 0.1 Unarmed Combat
 + Level 16.2 Spellcasting
 + Level 14.0 Conjurations
 + Level 4.1 Hexes
 + Level 1.0 Summonings
 + Level 0.3 Transmutations
 + Level 16.0 Fire Magic
 + Level 8.0 Ice Magic
 + Level 4.1 Air Magic
 + Level 3.0 Earth Magic
 - Level 4.3 Poison Magic
 - Level 8.0 Invocations
 + Level 1.6 Evocations


You had 2 spell levels left.
You knew the following spells:

 Your Spells              Type           Power      Damage    Failure   Level
a - Foxfire               Conj/Fire      100%       2x1d9     0%          1
b - Conjure Flame         Conj/Fire      100%       6-21      0%          3
c - Inner Flame           Hex/Fire       97%        N/A       1%          3
d - Flame Wave            Conj/Fire      100%       2d21      1%          4
e - Scorch                Fire           100%       2d10      0%          2
f - Fireball              Conj/Fire      57%        3d22      1%          5
g - Mephitic Cloud        Conj/Pois/Air  68%        N/A       1%          3
h - Ignite Poison         Fire/Tmut/Pois 84%        N/A       1%          3
i - Stone Arrow           Conj/Erth      100%       3d13      1%          3
j - Starburst             Conj/Fire      57%        6d15      1%          6
k - Hailstorm             Conj/Ice       80%        3d16      1%          4
l - Spellforged Servitor  Conj/Summ      34%        N/A       47%         7
m - Summon Guardian Gole  Hex/Summ       45%        N/A       1%          3

Your spell library contained the following spells:

 Spells                   Type           Power      Damage    Failure   Level
 Magic Dart               Conj           100%       1d8       0%          1
 Beastly Appendage        Tmut           58%        N/A       1%          1
 Freeze                   Ice            100%       1d11      1%          1
 Sandblast                Erth           96%        2d20      1%          1
 Shock                    Conj/Air       100%       1d9       1%          1
 Ensorcelled Hibernation  Hex/Ice        100%       N/A       1%          2
 Passwall                 Tmut/Erth      32%        N/A       1%          2
 Poisonous Vapours        Pois/Air       100%       N/A       1%          2
 Static Discharge         Conj/Air       100%       3-10/arc  1%          2
 Wereblood                Tmut           29%        N/A       1%          2
 Frozen Ramparts          Ice            100%       1d16      1%          3
 Spider Form              Tmut/Pois      43%        N/A       1%          3
 Swiftness                Air            54%        N/A       1%          3
 Fulminant Prism          Conj/Hex       37%        3d18      1%          4
 Sticky Flame             Conj/Fire      100%       2d11      1%          4
 Freezing Cloud           Conj/Ice/Air   36%        6-21      1%          5
 Iskenderun's Battlesphe  Conj           89%        2d14      1%          5
 Airstrike                Air            27%        2d(4-20)  2%          4
 Ice Form                 Ice/Tmut       54%        N/A       2%          4
 Corpse Rot               Necr/Pois/Air  46%        N/A       4%          4
 Anguish                  Hex/Necr       20%        N/A       6%          4
 Dispel Undead            Necr           27%        3d13      14%         4
 Borgnjor's Vile Clutch   Necr/Erth      18%        N/A       21%         5
 Summon Forest            Summ/Tloc      15%        N/A       30%         5
 Agony                    Necr           27%        N/A       36%         5
 Simulacrum               Ice/Necr       26%        N/A       38%         6
 Eringya's Noxious Bog    Tmut/Pois      21%        N/A       63%         6
 Lehudib's Crystal Spear  Conj/Erth      36%        10d9      95%         8
 Fire Storm               Conj/Fire      57%        8d14      96%         9
 Malign Gateway           Summ/Tloc      15%        N/A       100%        7
 Monstrous Menagerie      Summ           17%        N/A       100%        7
 Summon Hydra             Summ           17%        N/A       100%        7
 Borgnjor's Revivificati  Necr           13%        N/A       100%        8
 Summon Horrible Things   Summ           17%        N/A       100%        8
 Polar Vortex             Ice            35%        N/A       100%        9


Dungeon Overview and Level Annotations

Branches:
Dungeon (14/15)            Temple (1/1) D:7            Lair (5/5) D:11
 Shoals (2/4) Lair:2        Snake (4/4) Lair:3        Slime (0/5) Lair:4
    Orc (2/2) D:9             Elf (0/3) Orc:2         Sewer (visited)
  IceCv (visited)
 Vaults: D:13-14

Altars:
Ashenzari
Elyvilon
Fedhas
Kikubaaqudgha
Makhleb
Okawaru
Sif Muna
Trog
Uskayaw
Wu Jian
Xom
Yredelemnul
Zin
Jiyva

Shops:
D:2 *   D:4 ?   D:9 *   D:13 *   Orc:2 [![*   Snake:2 !   Snake:3 **

Annotations:
D:3 2 transporters, Nedwor's ghost, amateur DsFi
D:11 exclusion: obsidian statue
D:14 Roxanne
Snake:2 1 exclusion


Innate Abilities, Weirdness & Mutations

You are a tree.
Your roots penetrate the ground, keeping you stationary.
You cannot be teleported.
You are immune to unholy pain and torment.
Your maximum health is greatly increased.
You cannot wear most types of armour.
((You are amphibious.))
You can wear up to eight rings at the same time.
((Your skin changes colour to match your surroundings (Stealth+).))
((Your rubbery body absorbs attacks. (AC +1, EV +1)))
((You are camouflaged when in or above water. (Stealth+)))
((You have tentacles for arms and can constrict up to eight enemies at once.))
You are strong-willed. (Will+)
You are robust. (+10% HP)


Message History

The snapping turtle bites you from afar!
* * * LOW HITPOINT WARNING * * *
Casting: Scorch (safe; 0% risk of failure)
Confirm with . or Enter, or press ? or * to list all spells.
Okay, then.
Okay, then.
Unknown command.
Unknown command.
You are confused.
You feel invigorated.
The merfolk is engulfed in a cloud of scalding steam.
The merfolk hits you but does no damage. x2
The snapping turtle bites you but does no damage.
Unknown command.
The merfolk is no longer more vulnerable to fire.
The merfolk hits you but does no damage. x2
The snapping turtle bites you from afar.
* * * LOW HITPOINT WARNING * * *
The merfolk hits you but does no damage. x2
The snapping turtle bites you but does no damage.
The merfolk hits you but does no damage.
The merfolk hits you from afar with a +0 trident!
* * * LOW HITPOINT WARNING * * *
The snapping turtle bites you but does no damage.
The merfolk hits you but does no damage. x2
The snapping turtle bites you but does no damage.
The merfolk hits you from afar with a +0 trident!
* * * LOW HITPOINT WARNING * * *
The merfolk barely misses you.
The snapping turtle bites you but does no damage.
The merfolk hits you but does no damage.
The merfolk hits you from afar with a +0 trident!
* * * LOW HITPOINT WARNING * * *
The snapping turtle bites you but does no damage.
The merfolk hits you from afar with a +0 trident!
* * * LOW HITPOINT WARNING * * *
The merfolk hits you from afar with a +0 trident!
* * * LOW HITPOINT WARNING * * *
The snapping turtle bites you from afar!
You die...

~~~~~...~~~≈≈~~~..
~~~~~~~~~~~~≈≈≈~~~.
~~~~~~~~~~~≈≈≈≈~....
~~~~~~~~≈≈≈≈≈≈≈~.#...
~~....~~≈≈≈≈≈≈~~..^~.
~~....~~~≈≈≈≈≈~~....?
~~...~~~~≈≈≈≈≈~~~~t?~
~....~~~~m≈≈≈≈≈t~~~~~
..(..~~♣≈m≈:≈≈≈≈~~~~~
###...~~≈t)†~)~~~~~~~
#.~~~~~≈~).<..~~~≈≈
#.~~~~~~~..###.~~≈≈
...~~~~~~~..# ~~~≈
...~~~~~~.#..# ~~≈
~~~~~~~~~.#....
≈~~≈≈~~~~......
~~~~~~~~~


You could see a snapping turtle and 2 merfolk.

Vanquished Creatures
  Nikola (Snake:2)
  Frances (D:13)
  2 krakens (Shoals:1)
  Gastronok (Lair:1)
  Kirke (D:13)
  A nagaraja (Snake:4)
  The ghost of anet the Thaumaturge, a journeyman GnHW of Sif Muna (Lair:4)
  A dire elephant (Lair:1)
  Azrael (Snake:1)
  Josephine (D:13)
  5 merfolk impalers (Shoals:1)
  3 boulder beetles
  A great orb of eyes (Shoals:1)
  Fannar (D:12)
  Erolcha (D:12)
  4 salamander tyrants
  An ice dragon (IceCv)
  4 hydras
  13 anacondas
  8 two-headed ogres
  2 catoblepae
  A centaur warrior (D:11)
  12 naga warriors
  7 death yaks
  7 shock serpents
  5 naga sharpshooters
  8 orc high priests (Orc:2)
  Urug (D:13)
  3 salamander mystics (Snake:4)
  5 sea snakes
  3 lindwurms
  5 naga ritualists
  14 mana vipers
  An orc knight (Orc:1)
  A deep elf pyromancer (D:12)
  4 harpies (Shoals:1)
  7 oklob plants
  An orc sorcerer (Orc:2)
  14 salamanders
  7 fauns (Shoals:1)
  6 manticores
  3 ugly things
  4 cyclopes
  2 ice statues (IceCv)
  7 guardian serpents
  18 elephants
  6 merfolk sirens
  8 naga magi
  An apocalypse crab (Shoals:1)
  21 black mambas
  3 gargoyles
  10 cane toads
  7 komodo dragons
  9 rime drakes
  An efreet (D:13)
  8 merfolk
  5 trolls
  5 polar bears
  A queen bee (Lair:1)
  A troll (shapeshifter) (D:13)
  A wind drake (Shoals:1)
  7 hornets
  22 blink frogs
  5 slime creatures
  20 dream sheep
  A snapping turtle (Shoals:1)
  13 spriggans
  11 wraiths
  A shadow (D:10)
  Sigmund (D:2)
  63 yaks
  8 wyverns
  2 fire elementals (Snake:1)
  2 water elementals
  6 vampire mosquitoes
  Eustachio (D:6)
  Menkaure (D:4)
  2 steam dragons
  2 acid dragons
  39 nagas
  7 wargs (Orc:2)
  Edmund (D:4)
  12 water moccasins
  2 hell hounds (Snake:1)
  2 ice beasts
  3 sky beasts
  14 orc warriors
  2 black bears (Lair:5)
  4 boggarts (Lair:5)
  6 ogres
  22 wolves
  13 centaurs
  A phantom (D:7)
  5 kobold brigands
  A necrophage (D:7)
  12 bullfrogs
  A scorpion (D:4)
  5 wights (D:9)
  5 lindwurm simulacra (IceCv)
  28 killer bees
  A howler monkey (D:8)
  7 electric eels
  5 komodo dragon simulacra (IceCv)
  4 hounds
  A jelly (D:5)
  39 orc priests
  2 gnoll boudas (D:7)
  3 iguanas
  4 hell rats
  21 orc wizards
  A centaur simulacrum (D:9)
  8 gnolls
  6 acid dragon simulacra (IceCv)
  16 adders
  20 river rats
  A white imp (D:7)
  5 steam dragon simulacra (IceCv)
  3 ufetubi (D:5)
  2 worms
  3 dart slugs
  73 orcs
  3 bats
  4 endoplasms
  5 giant cockroaches
  5 goblins
  7 hobgoblins
  3 jackals (D:4)
  26 kobolds
  5 quokkas
  12 ball pythons
  4 frilled lizards
  33 rats
  A butterfly (Lair:3)
  5 tentacles (Shoals:1)
978 creatures vanquished.

Vanquished Creatures (collateral kills)
  4 ugly things (D:14)
  17 foxfires
21 creatures vanquished.

Vanquished Creatures (others)
  A tentacled monstrosity (Shoals:1)
  An anaconda (Snake:4)
  A naga warrior (Snake:2)
  A lindwurm (Snake:4)
  A naga mage (Snake:3)
  A black mamba (Snake:2)
  A naga (Snake:2)
  An orc wizard (D:7)
  2 orcs (D:7)
  A bush (Lair:2)
  3028 foxfires
  62 fungi
  96 plants
  7 tentacles (Shoals:1)
  8 toadstools (Lair:1)
3212 creatures vanquished.

Grand Total: 4211 creatures vanquished

Notes
Turn   | Place    | Note
-------+----------+-------------------------------------------
     0 | D:1      | Conn the Octopode Fire Elementalist began the quest for the
                  | Orb.
     0 | D:1      | Reached XP level 1. HP: 11/11 MP: 3/3
   294 | D:1      | Found a faded altar of an unknown god.
   375 | D:1      | Reached XP level 2. HP: 15/17 MP: 5/5
  1185 | D:2      | Reached XP level 3. HP: 16/21 MP: 6/6
  1483 | D:2      | Found Zebyshro's General Store.
  1491 | D:2      | Bought a scroll of teleportation for 39 gold pieces
  1540 | D:2      | Reached XP level 4. HP: 27/27 MP: 3/8
  1730 | D:2      | Noticed Sigmund
  1738 | D:2      | Killed Sigmund
  1739 | D:2      | Reached XP level 5. HP: 9/31 MP: 0/10
  2015 | D:2      | Reached XP level 6. HP: 36/36 MP: 8/11
  2257 | D:3      | Found a transporter.
  2727 | D:3      | Identified the +8 great mace "Abuihut" {drain, Will+}
  2727 | D:3      | Noticed Nedwor's ghost (amateur DsFi)
  2728 | D:3      | Found a transporter.
  2740 | D:3      | Learned a level 2 spell: Scorch
  2744 | D:3      | Learned a level 3 spell: Conjure Flame
  2748 | D:3      | Learned a level 3 spell: Inner Flame
  2749 | D:3      | Gained mutation: You have hidden genetic potential. [potion
                  | of mutation]
  2973 | D:4      | Found Oddagyam's Magic Scroll Shoppe.
  2982 | D:4      | Bought 3 scrolls of identify for 66 gold pieces
  3279 | D:4      | Noticed Edmund
  3296 | D:4      | Killed Edmund
  3297 | D:4      | Reached skill level 1 in Polearms
  3297 | D:4      | Reached skill level 5 in Stealth
  3297 | D:4      | Reached XP level 7. HP: 42/42 MP: 1/12
  3441 | D:4      | Gained mutation: You are strong-willed. (Will+) [hidden
                  | potential]
  3660 | D:4      | Noticed Menkaure
  3667 | D:4      | Killed Menkaure
  3668 | D:4      | Reached skill level 5 in Fire Magic
  3676 | D:4      | Learned a level 4 spell: Flame Wave
  3983 | D:4      | Identified the +1 robe of Duty {rC+++ Regen+ Int+4 Dex-2}
  4689 | D:5      | Entered Level 5 of the Dungeon
  4802 | D:5      | Reached XP level 8. HP: 47/47 MP: 8/14
  4949 | D:5      | Gained mutation: You are robust. (+10% HP) [hidden
                  | potential]
  4949 | D:5      | Lost mutation: You have hidden genetic potential. [hidden
                  | potential expressed]
  4950 | D:5      | Found a glowing drain.
  4955 | Sewer    | Entered a sewer
  5210 | Sewer    | HP: 2/51 [poisoned by a kobold brigand (curare-tipped
                  | dart)]
  5528 | Sewer    | Reached skill level 5 in Spellcasting
  6631 | D:5      | Reached skill level 5 in Conjurations
  7206 | D:6      | Reached XP level 9. HP: 56/57 MP: 5/17
  7416 | D:6      | Reached skill level 1 in Fighting
  7581 | D:6      | Noticed Eustachio
  8136 | D:6      | Identified the amulet "Eherue" {Faith rPois}
  8217 | D:6      | Killed Eustachio
  8451 | D:6      | Identified the +2 cloak "Woagoskebb" {Int+3}
  8702 | D:7      | Found a staircase to the Ecumenical Temple.
  8708 | Temple   | Entered the Ecumenical Temple
  8751 | Temple   | Became a worshipper of Sif Muna the Loreminder
  9120 | D:7      | Found a shimmering altar of Xom.
  9468 | D:7      | Reached XP level 10. HP: 27/64 MP: 10/20
 10088 | D:7      | Reached skill level 1 in Staves
 10287 | D:8      | Reached * piety under Sif Muna
 11069 | D:9      | Reached ** piety under Sif Muna
 11070 | D:9      | Reached skill level 1 in Hexes
 11111 | D:9      | Reached skill level 1 in Invocations
 11332 | D:9      | Paralysed by a hornet for 3 turns
 11626 | D:9      | Noticed a boulder beetle
 11777 | D:9      | Noticed a manticore
 11777 | D:9      | Noticed a two-headed ogre
 11781 | D:9      | Killed a manticore
 11783 | D:9      | Killed a two-headed ogre
 11784 | D:9      | Reached XP level 11. HP: 57/70 MP: 6/23
 12011 | D:9      | Noticed a cyclops
 12023 | D:9      | Killed a cyclops
 12213 | D:9      | Noticed a manticore
 12222 | D:9      | Killed a manticore
 12233 | D:9      | Reached *** piety under Sif Muna
 12543 | D:9      | Killed a boulder beetle
 12559 | D:9      | Noticed a two-headed ogre
 12566 | D:9      | Killed a two-headed ogre
 12664 | D:9      | Noticed a two-headed ogre
 12672 | D:9      | Killed a two-headed ogre
 12972 | D:9      | Found Pecyga's Assorted Antiques.
 13017 | D:9      | Found a staircase to the Orcish Mines.
 13019 | D:9      | Bought a wooden ring for 150 gold pieces
 13083 | D:9      | Found a white marble altar of Elyvilon.
 13198 | D:9      | Found a glowing silver altar of Zin.
 13231 | D:9      | Found a blossoming altar of Fedhas.
 13236 | D:9      | Found a hide-covered altar of Uskayaw.
 13302 | Orc:1    | Entered Level 1 of the Orcish Mines
 13737 | Orc:2    | Entered Level 2 of the Orcish Mines
 13746 | Orc:2    | Found an iron altar of Okawaru.
 14142 | Orc:2    | Noticed an orc high priest
 14146 | Orc:2    | Killed an orc high priest
 14147 | Orc:2    | Reached skill level 10 in Conjurations
 14147 | Orc:2    | Reached skill level 10 in Fire Magic
 14151 | Orc:2    | Reached **** piety under Sif Muna
 14161 | Orc:2    | Noticed an orc high priest
 14165 | Orc:2    | Killed an orc high priest
 14166 | Orc:2    | Reached XP level 12. HP: 60/77 MP: 1/25
 14170 | Orc:2    | Noticed an orc high priest
 14182 | Orc:2    | Killed an orc high priest
 14203 | Orc:2    | Noticed an orc high priest
 14458 | Orc:2    | Found a staircase to the Elven Halls.
 14470 | Orc:2    | Reached skill level 5 in Invocations
 14477 | Orc:2    | Reached skill level 10 in Spellcasting
 14685 | Orc:2    | Noticed an orc high priest
 14699 | Orc:2    | Killed an orc high priest
 14704 | Orc:2    | Killed an orc high priest
 15025 | Orc:2    | Noticed an orc high priest
 15350 | Orc:2    | Killed an orc high priest
 15522 | Orc:2    | Reached ***** piety under Sif Muna
 15522 | Orc:2    | Received a gift from Sif Muna
 15529 | Orc:2    | Learned a level 4 spell: Sticky Flame
 15750 | Orc:2    | Noticed an orc high priest
 15760 | Orc:2    | Noticed a soul eater
 15762 | Orc:2    | Killed an orc high priest
 15998 | Orc:2    | Found Lucyfedd's Antique Armour Shoppe.
 15998 | Orc:2    | Found Iceemim's Assorted Antiques.
 16013 | Orc:2    | Bought a shiny buckler for 240 gold pieces
 16077 | Orc:2    | Found Dec Kouw's Antique Armour Shoppe.
 16077 | Orc:2    | Found Awaxemo's Distillery.
 16156 | Orc:2    | Noticed an orc high priest
 16164 | Orc:2    | Killed an orc high priest
 16491 | Orc:1    | Noticed an orc warlord
 16824 | D:9      | Bought 3 scrolls labelled KIMAZI CUDIY for 90 gold pieces
 16956 | D:10     | Entered Level 10 of the Dungeon
 17695 | D:10     | Noticed a two-headed ogre
 17702 | D:10     | Killed a two-headed ogre
 18174 | D:11     | Noticed a two-headed ogre
 18179 | D:11     | Killed a two-headed ogre
 18225 | D:11     | Noticed a death yak
 18231 | D:11     | Noticed a death yak
 18232 | D:11     | Noticed a death yak
 18443 | D:11     | Found a staircase to the Lair.
 18490 | D:11     | You are sucked into a shaft and drop 3 floors!
 18492 | D:14     | Noticed Roxanne
 18505 | D:14     | Identified a scroll of acquirement
 18507 | D:14     | Acquired 1139 gold pieces
 18542 | D:14     | Noticed a boulder beetle
 18568 | D:14     | Reached XP level 13. HP: 81/81 MP: 11/28
 18632 | D:14     | Reached skill level 1 in Evocations
 18784 | D:13     | Found Iseqae's Assorted Antiques.
 18787 | D:13     | Bought a glittering steel ring for 120 gold pieces
 18787 | D:13     | Identified the ring "Viacloss" {rC+ rN++ Str-3 Int+3
                  | Slay+2} (You bought it in a shop on level 13 of the
                  | Dungeon)
 18794 | D:12     | Noticed Fannar
 18795 | D:12     | Noticed Erolcha
 19590 | D:11     | Reached skill level 1 in Shields
 20238 | D:12     | Killed Fannar
 20238 | D:12     | Killed Erolcha
 21639 | D:13     | Received a gift from Sif Muna
 21640 | D:13     | Got Sif Muna's Anthology of the Harmful Glacier {god gift}
 21645 | D:13     | Learned a level 3 spell: Mephitic Cloud
 21649 | D:13     | Learned a level 3 spell: Ignite Poison
 21653 | D:13     | Learned a level 3 spell: Stone Arrow
 21660 | D:13     | Learned a level 6 spell: Starburst
 21798 | D:13     | Noticed Kirke
 21809 | D:13     | Killed Kirke
 22034 | D:13     | Noticed Frances
 22048 | D:13     | Killed Frances
 22049 | D:13     | Reached skill level 1 in Earth Magic
 22049 | D:13     | Reached skill level 1 in Poison Magic
 22175 | D:13     | Reached skill level 1 in Air Magic
 22265 | D:13     | Noticed Josephine
 22277 | D:13     | Killed Josephine
 22278 | D:13     | Reached XP level 14. HP: 57/89 MP: 4/29
 22594 | D:13     | Noticed Urug
 22604 | D:13     | Killed Urug
 23594 | Lair:1   | Entered Level 1 of the Lair of Beasts
 24150 | Lair:1   | Noticed Gastronok
 24472 | Lair:1   | Received a gift from Sif Muna
 24487 | Lair:1   | Got Gekygy's Quarto of Confrontation and Creation {god
                  | gift}
 24588 | Lair:1   | Noticed a dire elephant
 24609 | Lair:1   | Found a runed translucent door.
 24805 | Lair:1   | Killed a dire elephant
 25023 | Lair:1   | Killed Gastronok
 25242 | Lair:1   | Learned a level 4 spell: Hailstorm
 26414 | Lair:2   | Reached skill level 5 in Shields
 26773 | Lair:2   | Found an ornate altar of the Wu Jian Council.
 26883 | Lair:2   | Found a staircase to the Shoals.
 27347 | Lair:3   | Received a gift from Sif Muna
 27375 | Lair:3   | Reached XP level 15. HP: 70/94 MP: 12/31
 27494 | Lair:3   | Got Sif Muna's Codex of the Grave {god gift}
 27650 | Lair:3   | Found a frozen archway.
 27780 | IceCv    | Entered an ice cave
 29062 | Lair:3   | Found a staircase to the Snake Pit.
 29589 | Lair:4   | Found a transporter.
 29698 | Lair:4   | Noticed anet's ghost (journeyman GnHW)
 29775 | Lair:4   | Found a transporter.
 29951 | Lair:4   | Found a staircase to the Slime Pits.
 29952 | Lair:4   | Found a viscous altar of Jiyva.
 30387 | Lair:4   | Found a blossoming altar of Fedhas.
 31007 | Lair:5   | Entered Level 5 of the Lair of Beasts
 31263 | Lair:4   | Learned a level 3 spell: Swiftness
 31279 | Lair:4   | Killed anet's ghost
 31280 | Lair:4   | Reached skill level 1 in Ice Magic
 33201 | Lair:5   | Reached XP level 16. HP: 85/100 MP: 3/34
 33781 | Lair:5   | Received a gift from Sif Muna
 33802 | Lair:5   | Got Sif Muna's Anthology of United Battling {god gift}
 34573 | Lair:5   | Learned a level 3 spell: Summon Guardian Golem
 34581 | Lair:5   | Learned a level 5 spell: Fireball
 34719 | Snake:1  | Entered Level 1 of the Snake Pit
 34719 | Snake:1  | Noticed Azrael
 34725 | Snake:1  | Killed Azrael
 35182 | Snake:1  | Identified the +4 leather armour of the Distant Future
                  | {Str-4 Int+6 Dex+2 Slay+2}
 35948 | Snake:2  | Noticed Nikola
 35968 | Snake:2  | Killed Nikola
 36032 | Snake:2  | Reached skill level 5 in Ice Magic
 36264 | Snake:2  | Found Zoenuoxy's Distillery.
 37043 | Snake:2  | Reached skill level 5 in Dodging
 39450 | Snake:3  | Reached skill level 15 in Fire Magic
 39813 | Snake:3  | Reached skill level 15 in Spellcasting
 39813 | Snake:3  | Reached XP level 17. HP: 100/106 MP: 22/36
 40852 | Snake:3  | Found Lorchur's General Store.
 40854 | Snake:3  | Found Guhig Warho's Specific Store.
 41182 | Snake:4  | Entered Level 4 of the Snake Pit
 45144 | Snake:4  | Got a serpentine rune of Zot
 45393 | Shoals:1 | Entered Level 1 of the Shoals
 45622 | Orc:2    | Bought a potion of haste for 140 gold pieces
 45622 | Orc:2    | Bought a potion of curing for 42 gold pieces
 46134 | Shoals:1 | Learned a level 7 spell: Spellforged Servitor
 46682 | Shoals:1 | Identified the ring "Moiprakh" {Fly rC+ Int+2 Slay+2}
 46690 | Shoals:1 | Noticed a tentacled monstrosity
 46697 | Shoals:1 | Killed a tentacled monstrosity
 46800 | Shoals:1 | Got the Grimoire of Mad Ravings
 46806 | Shoals:1 | Noticed a kraken
 46821 | Shoals:1 | Killed a kraken
 47226 | Shoals:1 | Noticed a kraken
 47231 | Shoals:1 | Reached XP level 18. HP: 112/112 MP: 24/38
 47429 | Shoals:1 | Reached skill level 1 in Summonings
 47786 | Shoals:2 | Received a gift from Sif Muna
 47809 | Shoals:2 | HP: 2/168 [merfolk/+0 trident (12)]
 47809 | Shoals:2 | Demolished by a snapping turtle

Illustrated notes

Levels and vault maps discovered:
D:1:      dpeg_arrival_pond, layout_basic, ebering_ecumenical_altar_rust,
          roderic_roman_lattice
D:2:      layout_rooms, serial_shops, shop, dreamdust_wishing_well,
          kennysheep_generic_room_5, uniq_sigmund
D:3:      layout_loops_cross, gammafunk_ghost_smash, saegor_snake_ambush
D:4:      layout_layer_cave, serial_shops, nicolae_shop_statue_plus,
          uniq_edmund, uniq_menkaure
D:5:      layout_basic, serial_curves, eino_curves_04, eino_curves_01,
          eino_curves_03, gup_sewer_entry_spiral, minmay_misc_feat_chi,
          minmay_tree_intersection, hex_tiny, minmay_statues_item
D:6:      layout_rooms, uniq_eustachio
D:7:      layout_loops_ring, xom_confusion_cloud, temple_green,
          hangedman_decor_growths, water_boxes_lemuel
D:8:      layout_basic, nicolae_benzene_ring, corexii_leaking_fountain
D:9:      hangedman_cross_cluster, layout_cave_pools, zin_statuary,
          mainiacjoe_overflow_large_starburst, nicolae_elyvilon_temple_path,
          serial_shops, nicolae_shop_statue_plus
D:10:     layout_long_grid, the_hattery
D:11:     layout_gridville, dpeg_lair_monsters, minivault_16,
          grunt_ministairs_12, dreamdust_mushroom_princess,
          hangedman_decor_lopped
D:12:     layout_loops_cross, uniq_fannar, uniq_erolcha
D:13:     layout_grid_maze, nicolae_stop_n_shop_2, uniq_josephine, uniq_frances,
          uniq_urug, uniq_kirke
D:14:     minmay_recursive_quarters, layout_irregular_city,
          hangedman_vaults_entry_quadrant_bands, minmay_misc_feat_encased,
          nicolae_elevator_lobby_plus, uniq_roxanne
Temple:   minmay_crystal_spiral_temple
Lair:1:   gammafunk_lair_enchanted_lake, layout_hall_layers, special_room
          [special_room_bee], hibernation_bobbens, lemuel_fruit_tree,
          uniq_gastronok
Lair:2:   layout_regular_city, elwin_shoals_entry_stream, basic_altar,
          infiniplex_staircase_pool_2, serial_bayou_shore_b,
          serial_bayou_shore_b
Lair:3:   layout_chaotic_city, guppyfry_snake_entry_island,
          portal_ice_cave_rime, chequers_serial_rivers_large_a,
          grunt_megastairs_1, lemuel_fruit_fields, serial_bayou_shore_a
Lair:4:   layout_long_grid, slime_entry_1, nzn_ghost_randoct, tgw_fedhas
Lair:5:   minmay_lair_end_enchanted_forest, layout_cave_pods,
          kennysheep_abandoned_house
Shoals:1: dreamdust_from_the_deep, layout_shoals,
          nicolae_shoals_lost_giant_baths
Shoals:2: layout_shoals, serial_shops, shop
Snake:1:  nicolae_snake_nest, layout_onion, uniq_azrael
Snake:2:  dpeg_oklob_gauntlet, layout_chambers, serial_shops,
          nicolae_shop_hallway_plus, nicolae_snake_snake_lake, uniq_nikola
Snake:3:  layout_basic, nicolae_specific_store
Snake:4:  snake_pit_salamanders_mu, layout_cave_town,
          nicolae_snake_gridmaze_swirls
Orc:1:    orc_temple, layout_caves, serial_shops, nicolae_orc_crystal_geode
Orc:2:    st_orc_town, layout_diamond_mine, basic_altar,
          okawaru_metal_pillars_1_2

Skill      XL: |  1  2  3  4  5  6  7  8  9 10 11 12 13 14 15 16 17 18 |
---------------+-------------------------------------------------------+-----
Stealth        | 3 4 5 6 7 8 |  8.1
Spellcasting   | 3 4 5 6 8 9 11 12 14 15 16 | 16.2
Conjurations   | 2 3 5 7 8 10 11 12 13 14 | 14.0
Fire Magic     | 4 5 6 7 9 10 11 12 13 14 15 16 | 16.0
Polearms       | 1 2 |  2.3
Fighting       | 1 2 |  2.9
Dodging        | 3 4 5 |  5.3
Staves         | 1 2 |  2.1
Hexes          | 1 2 3 4 |  4.1
Invocations    | 2 4 6 8 |  8.0
Evocations     | 1 |  1.6
Shields        | 3 5 7 |  7.9
Earth Magic    | 1 3 |  3.0
Poison Magic   | 1 4 |  4.3
Air Magic      | 1 3 4 |  4.1
Ice Magic      | 2 6 8 |  8.0
Summonings     | 1 |  1.0
Throwing       | |  0.5
Unarmed Combat | |  0.1
Transmutations | |  0.3

Action                   |  1- 3 |  4- 6 |  7- 9 | 10-12 | 13-15 | 16-18 || total
-------------------------+-------+-------+-------+-------+-------+-------++-------
Melee: Unarmed           |     7 |       |       |       |       |       ||     7
       Constrict         |     3 |     7 |    19 |    11 |    11 |    11 ||    62
       Tentacles         |     2 |     5 |    11 |    14 |    18 |    25 ||    75
       Punch             |     1 |       |     1 |       |       |     1 ||     3
       Spear             |     8 |    34 |    45 |       |       |       ||    87
       Staff             |       |       |     9 |    56 |    48 |    79 ||   192
       Dagger            |       |       |       |       |     9 |     2 ||    11
Throw: Dart              |       |       |       |     6 |       |       ||     6
 Cast: Foxfire           |    46 |    59 |   232 |   436 |   547 |   399 ||  1719
       Scorch            |       |     1 |    23 |   101 |   178 |   167 ||   470
       Inner Flame       |       |       |     4 |    28 |    40 |    27 ||    99
       Flame Wave        |       |       |     9 |    25 |    98 |    41 ||   173
       Conjure Flame     |       |       |     2 |     9 |    12 |     8 ||    31
       Mephitic Cloud    |       |       |       |       |    16 |    40 ||    56
       Stone Arrow       |       |       |       |       |     9 |     5 ||    14
       Starburst         |       |       |       |       |    13 |    11 ||    24
       Ignite Poison     |       |       |       |       |     4 |     1 ||     5
       Hailstorm         |       |       |       |       |     7 |    81 ||    88
       Sticky Flame      |       |       |       |       |     1 |       ||     1
       Swiftness         |       |       |       |       |     1 |       ||     1
       Fireball          |       |       |       |       |       |    34 ||    34
       Summon Guardian G |       |       |       |       |       |    14 ||    14
Invok: Channel Magic     |       |       |       |     3 |     6 |     7 ||    16
Evoke: Wand              |       |       |     2 |     6 |     5 |     5 ||    18
  Use: Potion            |       |     6 |       |     6 |     3 |    12 ||    27
       Scroll            |       |     6 |       |    21 |     7 |     9 ||    43
 Stab: Sleeping          |     3 |     7 |     4 |       |     6 |     2 ||    22
       Paralysed         |       |       |       |       |     4 |       ||     4
       Confused          |       |       |       |       |       |     7 ||     7
Armor: Skin              |     3 |       |     6 |    17 |    53 |    87 ||   166
Dodge: Dodged            |    12 |    19 |    58 |    93 |   105 |   147 ||   434
Block: Buckler           |       |       |       |     4 |   133 |   175 ||   312
       Reflection        |       |       |       |       |     5 |    37 ||    42
       Other             |       |       |       |       |       |    18 ||    18

Table legend: (Time is in decaauts)
 A = Elapsed time spent in this place.
 B = Non-inter-level travel time spent in this place.
 C = Inter-level travel time spent in this place.
 D = Time resting spent in this place.
 E = Time spent auto-exploring this place.
 F = Levels seen in this place.
 G = Mean time per level.
                   A        B        C        D        E       F      G
               +--------+--------+--------+--------+--------+-----+--------+
         Total |  47899 |  46819 |   1080 |   5946 |  28911 |  30 | 1596.6 |
       Dungeon |  18806 |  18400 |    406 |   1382 |  12602 |  14 | 1343.3 |
        Temple |     74 |     43 |     31 |      0 |     31 |   1 |   74.0 |
          Lair |  10405 |  10059 |    346 |   1103 |   6326 |   5 | 2081.0 |
        Shoals |   2070 |   2068 |      2 |      0 |   1507 |   2 | 1035.0 |
     Snake Pit |  10586 |  10338 |    248 |   2146 |   5804 |   4 | 2646.5 |
  Orcish Mines |   3683 |   3639 |     44 |    952 |   1525 |   2 | 1841.5 |
         Sewer |   1312 |   1312 |      0 |      0 |    851 |   1 | 1312.0 |
      Ice Cave |    960 |    960 |      0 |    363 |    264 |   1 |  960.0 |
               +--------+--------+--------+--------+--------+-----+--------+

Top non-repeatable levels by time:
 Snake:4: 4105 daAuts
 Snake:2: 2717 daAuts
  Lair:5: 2609 daAuts
  Lair:4: 2537 daAuts
 Snake:3: 2517 daAuts
   Orc:2: 2335 daAuts
    D:13: 2253 daAuts
     D:9: 2096 daAuts
  Lair:1: 2091 daAuts
Shoals:1: 2034 daAuts
     D:5: 1880 daAuts
     D:4: 1716 daAuts
  Lair:2: 1679 daAuts
     D:7: 1661 daAuts
    D:11: 1613 daAuts
